 Dungeon Crawl Stone Soup version 0.18-a0-1078-gebb93d0 (webtiles) character file.

61666 M4edhros the Unseen (level 15, -28/91 HPs)
             Began as an Octopode Artificer on Jan 14, 2016.
             Was a High Priest of Fedhas.
             Killed from afar by a deep elf mage (36 damage)
             ... with a bolt of lightning
             ... on level 1 of the Elven Halls.
             The game lasted 01:13:52 (28170 turns).

M4edhros the Unseen (Octopode Artificer)           Turns: 28170, Time: 01:13:53

Health: -28/91     AC:  5    Str: 10    XL:     15   Next: 3%
Magic:  31/31      EV: 15    Int: 20    God:    Fedhas [*****.]
Gold:   2228       SH: 19    Dex: 14    Spells: 0 memorised, 14 levels left

rFire  . . .     SeeInvis +     C - +6 quick blade
rCold  + . .     Gourm    .     z - +0 large shield
rNeg   . . .     Faith    .     (helmet restricted)
rPois  +         Spirit   .     h - +3 amulet of reflection
rElec  .         Dismiss  .     j - +4 ring of protection
rCorr  .         Reflect  +     B - ring of see invisible
SustAt .         Harm     .     T - ring of protection from cold
MR     ++...                    V - ring of protection from magic
Stlth  ++++++++..               E - ring of wizardry
                                v - ring of poison resistance
                                F - ring of magical power
                                (no ring)

@: very resistant to hostile enchantments, extraordinarily stealthy
A: almost no armour, amphibious, 8 rings, constrict 8, tentacle spike 1,
camouflage 1, gelatinous body 1
a: Evolution, Sunlight, Growth, Reproduction, Rain, Renounce Religion


You were on level 1 of the Elven Halls.
You worshipped Fedhas.
Fedhas was extremely pleased with you.
You were not hungry.

You visited 6 branches of the dungeon, and saw 26 of its levels.
You also visited: Ossuary.

You collected 2438 gold pieces.
You spent 210 gold pieces at shops.

Inventory:

Hand Weapons
 k - the +3 blowgun of Chance {speed, Stlth+}
   (You bought it in a shop on level 2 of the Orcish Mines)

   Attacks with this weapon are significantly faster.
   It makes you more stealthy.
 u - a +4 hunting sling of velocity
 C - a +6 quick blade (weapon)
 D - a +2 hunting sling of freezing
Missiles
 e - 124 sling bullets
 g - 527 stones (quivered)
 y - 29 poisoned needles
 L - 7 tomahawks of returning
 P - 4 curare-tipped needles
 Z - 2 javelins of penetration
Armour
 z - a +0 large shield (worn)
Jewellery
 h - a +3 amulet of reflection (around mantle)
 j - a +4 ring of protection (left tentacle)
 q - an uncursed amulet of guardian spirit
 v - a ring of poison resistance (on tentacle)
 B - a ring of see invisible (right tentacle)
 E - a ring of wizardry (on tentacle)
 F - a ring of magical power (on tentacle)
 T - a ring of protection from cold (on tentacle)
 V - a ring of protection from magic (on tentacle)
Wands
 b - a wand of flame (9/48)
 i - a wand of fire (8/15)
 o - a wand of enslavement (13/24)
 A - a wand of fireball (8/15)
 K - a wand of lightning (4/15)
 M - a wand of draining (4/15)
 Q - a wand of cold (8/15)
 R - a wand of confusion (22/48)
 S - a wand of confusion (6/48)
 W - a wand of lightning (6/15)
Scrolls
 a - 3 scrolls of teleportation
 t - 2 scrolls of fog
 w - a scroll of recharging
 O - a scroll of enchant armour
 X - a scroll of remove curse
 Y - a scroll of identify
Potions
 l - a potion of cure mutation
 m - 2 potions of lignification
 p - 3 potions of ambrosia
 x - 2 potions of flight
 G - 2 potions of haste
 H - a potion of berserk rage
 J - 3 potions of magic
 N - 4 potions of heal wounds
 U - 2 potions of curing
Books
 d - the Papyrus of Air
   (You found it on level 8 of the Lair of Beasts)

   Spells                             Type                      Level
   a - Swiftness                      Charms/Air                   2
   b - Silence                        Hexes/Air                    5
   c - Deflect Missiles               Charms/Air                   6
 I - a book of the Warp

   Spells                             Type                      Level
   a - Recall                         Summoning/Translocation      3
   b - Gell's Gravitas                Hexes/Translocation          3
   c - Force Lance                    Conjuration/Translocation    4
   d - Phase Shift                    Translocation                5
   e - Warp Weapon                    Charms/Translocation         5
   f - Summon Forest                  Summoning/Translocation      5
Miscellaneous
 s - a piece from Xom's chessboard
Comestibles
 c - 2 beef jerkies
 f - 8 bread rations
 n - 21 fruits
 r - 7 slices of pizza


   Skills:
 + Level 4.9 Fighting
 + Level 3.2 Short Blades
 - Level 10.6 Slings
 + Level 10.0 Dodging
 * Level 16.6 Stealth
 * Level 11.9 Shields
 - Level 10.0 Invocations
 + Level 9.9 Evocations


You had 14 spell levels left.
You didn't know any spells.

Dungeon Overview and Level Annotations

Branches:
Dungeon (13/15)            Temple (1/1) D:4            Lair (8/8) D:10
  Swamp (1/4) Lair:6       Spider (0/4) Lair:4        Slime (0/6) Lair:8
    Orc (2/2) D:9             Elf (1/3) Orc:2
 Vaults: D:13-14

Altars:
Ashenzari
Cheibriados
Dithmenos
Elyvilon
Fedhas
Gozag
Kikubaaqudgha
Makhleb
Nemelex Xobeh
Okawaru
Pakellas
Qazlal
Ru
Sif Muna
Trog
Vehumet
Xom
Yredelemnul
Zin
The Shining One
Beogh

Shops:
Orc:2 }[=(*


Innate Abilities, Weirdness & Mutations

You cannot wear most types of armour.
You are amphibious.
You can wear up to eight rings at the same time.
You can use your tentacles to constrict eight enemies at once.
Your skin changes colour to match your surroundings (Stealth).
Your rubbery body absorbs attacks (AC +1).
One of your tentacles bears a spike.


Message History

The deep elf mage gestures wildly while chanting.
The deep elf mage blinks!
The deep elf mage shouts!
A deep elf mage comes into view. It is wielding a dagger.
There is an open door here.
Read which item? (? for menu, Esc to quit)
Okay, then.
The deep elf mage shouts!
Found a scale mail.
The deep elf mage casts a spell at you. The bolt of lightning hits you!
You block the deep elf mage's attack. The deep elf mage casts a spell at you.
The bolt of lightning misses you. The bolt of lightning hits you!
The deep elf mage casts a spell at you. The bolt of lightning hits you!
* * * LOW HITPOINT WARNING * * *
The bolt of lightning hits you!
You die...
Fedhas appreciates your contribution to the ecosystem.

.....#Ee...#......
########e########.
##.....## #.....#
#..⌠..# #.....# #
#.e...###
#.##.......[
#..@...###..
+......## .#
###.##.# #. .# #.
.# #. .# #. .# ..


You could see 2 deep elf magi.

Vanquished Creatures
  An orc warlord (Orc:2)
  A dire elephant (Lair:8)
  Harold (D:11)
  7 hydras
  A catoblepas (Lair:8)
  A death knight (D:12)
  Erolcha (D:9)
  A deep troll shaman (Lair:8)
  Erica (Orc:1)
  6 death yaks
  Sonja (D:11)
  Nergalle (D:12)
  A hill giant (D:11)
  4 orc knights
  2 orc sorcerers
  13 elephants
  5 black mambas
  10 spiny frogs
  4 fire drakes
  5 komodo dragons
  3 polar bears
  2 trolls (Orc:2)
  A jumping spider (Lair:4)
  2 two-headed ogres
  27 blink frogs
  A boulder beetle (Lair:7)
  3 basilisks
  2 hungry ghosts
  8 hippogriffs
  23 yaks
  12 wolves
  A warg (Orc:2)
  7 water moccasins
  8 porcupines
  A wasp (D:9)
  3 black bears
  4 ice beasts
  3 sky beasts
  13 orc warriors
  2 killer bees
  6 ogres
  A phantom (D:10)
  2 centaurs
  11 crocodiles
  4 big kobolds
  21 giant frogs
  2 elf skeletons (Ossuary)
  2 scorpions
  4 wights
  An electric eel (Lair:8)
  3 crimson imps
  2 jellies (D:9)
  3 hounds
  2 giant frog skeletons
  11 orc priests
  2 centaur skeletons
  5 iguanas
  9 worker ants
  11 orc wizards
  Ijyb (D:2)
  10 sheep
  2 big kobold skeletons (Ossuary)
  3 wandering mushrooms
  3 hound skeletons
  3 mummies (Ossuary)
  5 gnolls (Orc:1)
  13 adders
  32 river rats
  2 shadow imps
  An ooze (D:1)
  An adder zombie (D:4)
  5 adder skeletons
  6 worms
  A giant gecko (D:1)
  52 orcs
  15 bats
  4 giant cockroaches
  7 goblins
  5 hobgoblins
  2 jackals (D:4)
  10 kobolds
  4 quokkas
  A ball python skeleton (D:4)
  6 giant newts
  3 gnoll skeletons (Ossuary)
  8 goblin skeletons (Ossuary)
  A hobgoblin skeleton (Ossuary)
  A hobgoblin zombie (Ossuary)
  4 jackal skeletons (Ossuary)
  A kobold skeleton (Ossuary)
  2 orc skeletons (Ossuary)
  7 quokka skeletons
  A quokka zombie (Ossuary)
  10 rats
  2 rat skeletons (Ossuary)
  4 ballistomycetes
  A plant (Lair:6)
  2 toadstools
536 creatures vanquished.

Vanquished Creatures (collateral kills)
  A hydra (D:10)
  2 death yaks (Lair:8)
  Urug (Orc:2)
  An orc high priest (Orc:2)
  The ghost of M4edhros the Covert, a novice OpAr of Fedhas (D:10)
  3 orc knights (Orc:2)
  The ghost of Vojta the Thaumaturge, a novice DEVM of Vehumet (D:9)
  A hill giant (D:11)
  An orc sorcerer (Orc:2)
  5 elephants
  A black mamba (Lair:7)
  A spiny frog (Lair:7)
  3 komodo dragons
  A polar bear (Lair:8)
  5 trolls
  5 blink frogs
  2 shadows
  16 orc warriors
  15 yaks
  2 wyverns (D:11)
  A wraith (D:10)
  2 hippogriffs
  A hungry ghost (D:12)
  A warg (Orc:1)
  A spatial vortex (D:5)
  2 wolves (Lair:4)
  A water moccasin (Lair:8)
  4 ice beasts
  5 sky beasts
  5 ogres
  2 phantoms (D:6)
  4 centaurs
  6 crocodiles
  Blork the orc (Orc:2)
  2 giant frogs
  3 scorpions (D:8)
  2 killer bees (D:12)
  13 wights
  A hound (D:9)
  6 jellies
  3 centaur skeletons
  3 orc priests
  3 giant frog skeletons
  A gnoll shaman (Orc:1)
  7 orc wizards
  4 worker ants
  A hound skeleton (D:10)
  4 gnolls (D:5)
  An adder (D:10)
  A river rat (D:10)
  A shadow imp (D:5)
  15 orcs
  2 hobgoblins (D:1)
  A bat (D:10)
  A jackal skeleton (D:8)
  4 rats (D:10)
  6 giant spores
  2 hyperactive ballistomycetes (Lair:4)
191 creatures vanquished.

Vanquished Creatures (others)
  2 oklob plants
  A yak (Lair:6)
  A wolf (Lair:4)
  An orc warrior (Orc:2)
  2 killer bees (D:9)
  An electric eel (Lair:6)
  34 wandering mushrooms
  An orc wizard (Orc:2)
  2 orc priests (Orc:2)
  An orc (Orc:2)
  15 ballistomycetes
  56 fungi
  7 giant spores
  2 hyperactive ballistomycetes (Orc:2)
  48 plants
  625 toadstools
  4 withered plants (D:6)
803 creatures vanquished.

Grand Total: 1530 creatures vanquished

Notes
Turn   | Place    | Note
--------------------------------------------------------------
     0 | D:1      | M4edhros the Octopode Artificer began the quest for the Orb.
     0 | D:1      | Reached XP level 1. HP: 13/13 MP: 3/3
   143 | D:1      | Reached XP level 2. HP: 11/18 MP: 4/4
   601 | D:2      | Reached XP level 3. HP: 16/23 MP: 5/5
   702 | D:2      | Noticed Ijyb
   706 | D:2      | Found a sacrificial altar of Ru.
   713 | D:2      | Killed Ijyb
   805 | D:3      | Reached XP level 4. HP: 19/28 MP: 6/6
  1083 | D:4      | Reached skill level 4 in Stealth
  1286 | D:4      | Reached XP level 5. HP: 15/33 MP: 7/7
  1580 | D:4      | Found a staircase to the Ecumenical Temple.
  1698 | Temple   | Entered the Ecumenical Temple
  2192 | D:4      | Reached skill level 5 in Stealth
  2382 | D:4      | Reached XP level 6. HP: 32/38 MP: 9/9
  2733 | D:3      | Found a blossoming altar of Fedhas.
  2735 | D:3      | Found an oddly glowing altar of Pakellas.
  2736 | D:3      | Found a shimmering altar of Xom.
  2748 | D:3      | Became a worshipper of Xom of Chaos
  2753 | D:3      | Fell from the grace of Xom
  2753 | D:3      | Became a worshipper of Fedhas Madash
  2935 | D:3      | XOM: summons 3 hostile shadow creatures
  2939 | D:3      | Found an ancient bone altar of Kikubaaqudgha.
  3435 | D:2      | Reached skill level 1 in Slings
  3507 | D:2      | Reached * piety under Fedhas
  3534 | D:2      | Found a faded altar to an unknown god.
  3875 | D:1      | XOM: mild Divn miscast
  4098 | D:5      | Entered Level 5 of the Dungeon
  4465 | D:5      | Noticed an orc warrior
  4487 | D:5      | Reached skill level 6 in Stealth
  4493 | D:5      | Reached XP level 7. HP: 30/43 MP: 7/10
  4500 | D:5      | XOM: medium Summ miscast
  4501 | D:5      | Noticed a spatial vortex
  4501 | D:5      | Noticed a spatial vortex
  4501 | D:5      | Noticed a spatial vortex
  4505 | D:5      | Killed a spatial vortex
  4519 | D:6      | Found a basalt altar of Yredelemnul.
  4679 | D:6      | Found a blossoming altar of Fedhas.
  4711 | D:6      | Reached skill level 1 in Shields
  4897 | D:6      | XOM: summons 4 hostile shadow creatures
  4969 | D:6      | Reached skill level 5 in Dodging
  4995 | D:6      | XOM: mild Summ miscast
  5242 | D:5      | Reached skill level 7 in Stealth
  5419 | D:5      | Killed an orc warrior
  5511 | D:5      | Reached skill level 1 in Invocations
  5511 | D:5      | Reached XP level 8. HP: 41/48 MP: 11/11
  5657 | D:6      | Reached skill level 5 in Evocations
  5662 | D:6      | Gained mutation: Scrolls take you a little longer to read. [mutagenic meat]
  5663 | D:6      | Gained mutation: You expend magic power (3 MP) to strengthen your wands. [mutagenic meat]
  5664 | D:6      | Gained mutation: You are resistant to electric shocks. [mutagenic meat]
  5665 | D:6      | Gained mutation: You are frail (-10% HP). [mutagenic meat]
  5849 | D:6      | Found a glowing golden altar of the Shining One.
  6121 | D:6      | Reached skill level 8 in Stealth
  6320 | D:7      | XOM: summons 4 hostile shadow creatures
  6445 | D:7      | Found a sand-covered staircase.
  6456 | Ossuary  | Entered an ossuary
  6523 | Ossuary  | XOM: summons 8 hostile demons
  6629 | Ossuary  | XOM: give mutations
  6629 | Ossuary  | Gained mutation: You are very frail (-20% HP). [Xom's mischief]
  6629 | Ossuary  | Lost mutation: Scrolls take you a little longer to read. [Xom's mischief]
  6767 | Ossuary  | Reached ** piety under Fedhas
  6850 | Ossuary  | XOM: enchant monster (bad)
  7157 | Ossuary  | Reached *** piety under Fedhas
  7298 | Ossuary  | Reached XP level 9. HP: 34/42 MP: 8/13
  7389 | Ossuary  | XOM: mild Summ miscast
  7624 | D:7      | XOM: medium Chrm miscast
  7911 | D:7      | XOM: medium Air miscast
  7987 | D:7      | XOM: mild Chrm miscast
  8112 | D:7      | XOM: noise
  8199 | D:7      | XOM: medium Trmt miscast
  8333 | D:8      | Found a sacrificial altar of Ru.
  8361 | D:8      | Reached skill level 9 in Stealth
  8457 | D:8      | XOM: medium Divn miscast
  8500 | D:8      | Gained mutation: You are surrounded by a mild repulsion field (EV +2). [mutagenic meat]
  8501 | D:8      | Gained mutation: You are partially covered in slimy green scales (AC +2). [mutagenic meat]
  8502 | D:8      | Gained mutation: You are agile. (Dex +2) [mutagenic meat]
  8504 | D:8      | Gained mutation: You are partially covered in icy blue scales (AC +1). [mutagenic meat]
  8595 | D:8      | XOM: noise
  8721 | D:8      | XOM: medium Divn miscast
  8735 | D:8      | XOM: medium Pois miscast
  9053 | D:9      | Noticed Erolcha
  9061 | D:9      | Killed Erolcha
  9061 | D:9      | Reached skill level 5 in Slings
  9061 | D:9      | Reached skill level 5 in Shields
  9084 | D:9      | Found a staircase to the Orcish Mines.
  9303 | D:9      | Reached XP level 10. HP: 40/46 MP: 12/14
  9349 | D:9      | Reached skill level 5 in Invocations
  9465 | D:9      | Gained mutation: One of your tentacles bears a spike. [mutagenic meat]
  9537 | D:9      | Noticed Vojta's ghost (novice DEVM)
  9621 | D:9      | Reached skill level 10 in Stealth
  9997 | D:9      | XOM: noise
 10050 | D:9      | Killed Vojta's ghost
 10240 | D:9      | XOM: noise
 10338 | D:10     | Entered Level 10 of the Dungeon
 10535 | D:10     | Noticed a three-headed hydra
 10542 | D:10     | Killed a three-headed hydra
 10633 | D:10     | Reached skill level 11 in Stealth
 10633 | D:10     | Reached XP level 11. HP: 31/50 MP: 5/16
 10636 | D:10     | Reached **** piety under Fedhas
 10792 | D:10     | Noticed M4edhros's ghost (novice OpAr)
 10809 | D:10     | Killed M4edhros's ghost
 11105 | D:10     | XOM: noise
 11205 | D:10     | XOM: medium Chrm miscast
 11205 | D:10     | Was forgiven by Xom
 11484 | D:10     | Found a staircase to the Lair.
 11755 | D:11     | Found a sparkling altar of Nemelex Xobeh.
 11805 | D:11     | Noticed Sonja
 11889 | D:11     | Noticed a four-headed hydra
 11903 | D:11     | Killed a four-headed hydra
 11913 | D:11     | Noticed Harold
 11938 | D:11     | Killed Harold
 12467 | D:11     | Noticed a hill giant
 12482 | D:11     | Killed a hill giant
 12704 | D:11     | Noticed a hill giant
 12733 | D:11     | Killed a hill giant
 12733 | D:11     | Reached skill level 12 in Stealth
 12748 | D:11     | Killed Sonja
 12870 | D:12     | Reached ***** piety under Fedhas
 13120 | D:12     | Noticed Nergalle
 13138 | D:12     | Killed Nergalle
 13138 | D:12     | Reached XP level 12. HP: 34/54 MP: 16/18
 13849 | D:13     | Noticed a death knight
 13857 | D:12     | Killed a death knight
 13945 | Orc:1    | Entered Level 1 of the Orcish Mines
 14036 | Orc:1    | Noticed Erica
 14052 | Orc:1    | Killed Erica
 14521 | Orc:2    | Entered Level 2 of the Orcish Mines
 14535 | Orc:2    | Noticed Urug
 14537 | Orc:2    | Noticed an orc high priest
 14553 | Orc:2    | Killed an orc high priest
 14559 | Orc:2    | Noticed an orc warlord
 14567 | Orc:2    | Reached skill level 13 in Stealth
 14607 | Orc:2    | Found a staircase to the Elven Halls.
 14623 | Orc:2    | Noticed Blork the orc
 14840 | Orc:2    | Killed an orc warlord
 15640 | Orc:2    | Killed Blork the orc
 15861 | Orc:2    | Killed Urug
 15861 | Orc:2    | Reached XP level 13. HP: 53/57 MP: 20/20
 15869 | Orc:2    | Found a roughly hewn altar of Beogh.
 15901 | Orc:2    | Found Exeogew's General Store.
 15920 | Orc:2    | Found Ninneur's Antique Weapon Boutique.
 15944 | Orc:2    | Found Waizxaa's Jewellery Boutique.
 15982 | Orc:2    | Found Oveups's Antique Armour Boutique.
 16511 | Orc:2    | Found Genoyhut's Quality Used Wands.
 16696 | Orc:2    | Bought a smoking blowgun for 210 gold pieces
 16697 | Orc:2    | Identified the cursed +3 blowgun of Chance {speed, Stlth+} (You bought it in a shop on level 2 of the Orcish Mines)
 16771 | Lair:1   | Entered Level 1 of the Lair of Beasts
 18135 | Lair:2   | Reached skill level 10 in Shields
 18140 | Lair:2   | Reached skill level 14 in Stealth
 19066 | Lair:3   | Got a bloodstained hand axe
 19067 | Lair:3   | Identified the +4 hand axe "Fellij" {pain, rPois rC+ Dex+2} (You found it on level 3 of the Lair of Beasts)
 19483 | Lair:3   | Lost mutation: You are very frail (-20% HP). [potion of cure mutation]
 19483 | Lair:3   | Lost mutation: One of your tentacles bears a spike. [potion of cure mutation]
 19483 | Lair:3   | Lost mutation: You are surrounded by a mild repulsion field (EV +2). [potion of cure mutation]
 19484 | Lair:3   | Lost mutation: You are partially covered in icy blue scales (AC +1). [potion of cure mutation]
 19484 | Lair:3   | Lost mutation: You are partially covered in slimy green scales (AC +2). [potion of cure mutation]
 19484 | Lair:3   | Lost mutation: You are agile. (Dex +2) [potion of cure mutation]
 19484 | Lair:3   | Lost mutation: You expend magic power (3 MP) to strengthen your wands. [potion of cure mutation]
 19484 | Lair:3   | Lost mutation: You are frail (-10% HP). [potion of cure mutation]
 19484 | Lair:3   | Lost mutation: You are resistant to electric shocks. [potion of cure mutation]
 19873 | Lair:4   | Reached skill level 10 in Slings
 19873 | Lair:4   | Reached skill level 10 in Invocations
 19893 | Lair:4   | Found a hole to the Spider Nest.
 21837 | Lair:5   | Identified 2 scrolls of acquirement
 21920 | Lair:5   | Reached skill level 15 in Stealth
 21920 | Lair:5   | Reached XP level 14. HP: 79/81 MP: 21/21
 23225 | Lair:6   | Found a staircase to the Swamp.
 23702 | Swamp:1  | Entered Level 1 of the Swamp
 24746 | Lair:8   | Entered Level 8 of the Lair of Beasts
 25397 | Lair:8   | Reached skill level 16 in Stealth
 25420 | Lair:8   | Found a staircase to the Slime Pits.
 27554 | Lair:8   | Noticed a dire elephant
 27610 | Lair:8   | Killed a dire elephant
 27610 | Lair:8   | Reached skill level 10 in Dodging
 27610 | Lair:8   | Reached XP level 15. HP: 69/91 MP: 22/22
 27689 | Lair:8   | Identified the Papyrus of Air
 27695 | Lair:8   | Gained mutation: One of your tentacles bears a spike. [potion of beneficial mutation]
 28156 | Elf:1    | Entered Level 1 of the Elven Halls
 28170 | Elf:1    | Killed from afar by a deep elf mage

Vault maps used:
D:1:      minmay_arrival_floating_metal, serial_park_tiny_1
D:2:      first_bread, ecumenical_altar_2, hangedman_decor_clover_reticule,
          hangedman_ru_absence, uniq_iyjb
D:3:      kiku_gazebo_pond_becter, gammafunk_temple_overflow_forgotten
D:4:      minmay_temple_entry_poolview, grunt_ministairs_4
D:6:      lemuel_round_altar, yredelemnul_altar_generic, fedhas_altar_2
D:7:      nicolae_ossuary_entry_monument
D:8:      lemuel_round_altar
D:9:      orc_0_dummy, uniq_erolcha
D:10:     grunt_lair_entry_orc_guard_hut, hangedman_ranch
D:11:     basic_altar, grunt_ministairs_2, uniq_sonja, uniq_harold
D:12:     uniq_nergalle
D:13:     minmay_concentric_multi, basic_altar, serial_bayou_pond_c,
          minmay_misc_feat_five
Temple:   circular_temple_13
Lair:1:   lemuel_fruit_fields
Lair:2:   lemuel_fruit_fields
Lair:4:   spider_nest_entry_rubble, minivault_19
Lair:5:   minivault_26
Lair:6:   swamp_mist_pool, serial_bayou_pond_b
Lair:8:   grunt_lair_end_beastmaster, slime_dummy, serial_bayou_shore_a
Swamp:1:  evilmike_swamp_ruin_house_3, swamp_pool1
Orc:1:    uniq_erica
Orc:2:    grunt_orc_cross, nicolae_for_you_no_charge
Elf:1:    minmay_elf_arrival_plus, serial_shops, shop, minivault_25_ag
Ossuary:  minmay_ossuary_two_tombs

Action                   |  1- 3 |  4- 6 |  7- 9 | 10-12 | 13-15 || total
-------------------------+-------+-------+-------+-------+-------++-------
Melee: Short sword       |    53 |   134 |    24 |       |       ||   211
       Trident           |       |       |   141 |   140 |       ||   281
       Dagger            |       |       |    31 |   143 |   152 ||   326
       Hunting sling     |       |       |     1 |     1 |       ||     2
       Quick blade       |       |       |       |       |   594 ||   594
 Fire: Hunting sling     |       |       |   213 |   767 |   520 ||  1500
       Blowgun           |       |       |       |     6 |   245 ||   251
Invok: Evolution         |       |     1 |     8 |    21 |    14 ||    44
       Sunlight          |       |       |     1 |     3 |     1 ||     5
       Reproduction      |       |       |       |     2 |     2 ||     4
       Rain              |       |       |       |     2 |       ||     2
Evoke: Wand              |     2 |     8 |    10 |    28 |    12 ||    60
  Use: Scroll            |       |     5 |    17 |     8 |    21 ||    51
       Potion            |       |       |     3 |    11 |     7 ||    21
 Stab: Sleeping          |     5 |    21 |    12 |    11 |    46 ||    95
       Confused          |       |       |       |     7 |     6 ||    13
       Distracted        |       |       |       |     1 |     8 ||     9
  Eat: Chunk             |       |     5 |     9 |     3 |     3 ||    20
       Bread ration      |       |     1 |       |       |     2 ||     3
       Meat ration       |       |       |     4 |     4 |     5 ||    13
       Beef jerky        |       |       |       |     1 |       ||     1
       Pizza             |       |       |       |       |     1 ||     1
